Map: Acid Plant LE

Players

Raze - Winner!

  • Race: Protoss Protoss
  • Spawn Location: 5:00

Jason

  • Race: Terran Terran
  • Spawn Location: 11:00

Event: WCS Montreal 2018

VOD

Have the link to the VOD?

Description

Time

  • Played on: Sept. 7, 2018, 2:06 p.m.
  • Length: 6:08

All games in this series

Show
View Real Time Build Order
Export as new Build Order

Raze Protoss - Winner!

Build Orders: 1 Gate Expand, Oracle Opening, Phoenix Opening 

Get SALT Encoding   

  12  0:00  Probe  
  13  0:12  Probe  
  14  0:17  Pylon  
  14  0:23  Probe  
  15  0:31  Probe  
  16  0:38  Gateway  
  16  0:39  Probe  
  16  0:45  Assimilator  
  17  0:51  Probe  
  18  1:03  Probe  
  19  1:15  Probe  
  20  1:23  Nexus  
  20  1:34  Cybernetics Core  
  20  1:37  Probe  
  21  1:43  Assimilator  
  21  1:49  Probe  
  21  1:52  Pylon  
  22  2:00  Probe  
  23  2:01  Adept  
  23  2:08  Probe  
  26  2:17  Probe  
  26  2:18  Stargate  
  27  2:27  Adept  
  27  2:29  Probe  
  30  2:32  Warp Gate  
  30  2:38  Probe  
  30  2:41  Probe  
  32  2:50  Probe  
  33  2:53  Probe, Oracle  
  33  2:54  Adept  
  36  3:03  Probe  
  36  3:05  Probe  
  41  3:08  Pylon  
  41  3:15  Probe  
  41  3:17  Probe  
  43  3:27  Probe  
  43  3:29  Probe  
  43  3:30  Phoenix  
  47  3:35  Pylon  
  47  3:41  Gateway  
  47  3:44  Gateway  
  47  3:47  Probe x2  
  49  3:55  Phoenix  
  51  4:04  Probe  
  52  4:12  Probe  
  52  4:13  Phoenix  
  52  4:15  Pylon  
  55  4:30  Probe  
  55  4:35  Nexus  
  55  4:36  Pylon  
  54  4:39  Probe  
  54  4:42  Probe  
  56  4:49  Stalker x3  
  56  4:51  Probe  
  63  4:54  Assimilator, Probe  
  63  4:58  Assimilator  
  64  5:01  Forge  
  64  5:11  Probe x2  
  66  5:16  Forge  
  66  5:17  Twilight Council  
  66  5:19  Pylon  
  66  5:23  Probe  
  66  5:27  Probe  
  68  5:35  Probe  
  68  5:40  Gateway  
  68  5:42  Probe  
  70  5:43  Gateway  
  70  5:45  Gateway  
  70  5:48  Probe  
  71  5:52  Probe  
Show
View Real Time Build Order
Export as new Build Order

Jason Terran 

Build Orders: Gas First Reaper Expand, Reaper Expand 

Get SALT Encoding   

  12  0:00  SCV  
  13  0:12  SCV  
  14  0:17  Supply Depot  
  14  0:24  SCV  
  14  0:28  Refinery  
  15  0:39  SCV  
  16  0:46  Barracks  
  16  0:51  SCV  
  17  1:03  SCV  
  18  1:15  SCV  
  19  1:32  Orbital Command  
  19  1:33  Reaper  
  20  1:51  Command Center  
  20  1:58  SCV  
  20  2:00  Factory  
  21  2:06  Barracks Reactor  
  21  2:11  Supply Depot  
  21  2:13  SCV  
  22  2:22  Refinery  
  22  2:25  SCV  
  23  2:37  SCV  
  24  2:47  Starport  
  24  2:50  Hellion  
  26  2:55  SCV  
  27  3:03  Orbital Command  
  27  3:04  Marine  
  28  3:07  SCV  
  28  3:09  Hellion  
  28  3:11  Hellion  
  33  3:19  SCV  
  34  3:27  Medivac, Supply Depot  
  34  3:28  Barracks Tech Lab  
  34  3:30  SCV  
  34  3:31  SCV  
  34  3:33  Hellion  
  40  3:39  Engineering Bay  
  40  3:45  SCV x2  
  40  3:48  Marine  
  43  3:52  Cyclone  
  41  4:03  Cyclone  
  41  4:06  SCV, Marine  
  41  4:09  SCV  
  47  4:21  Missile Turret, SCV x2  
  47  4:23  Marine  
  50  4:27  Supply Depot  
  44  4:32  Missile Turret  
  44  4:33  SCV  
  40  4:41  Barracks  
  40  4:43  SCV  
  41  4:46  SCV, Marine  
  41  4:52  Barracks  
  43  4:55  Starport Tech Lab  
  43  4:57  Factory Reactor  
  43  4:59  SCV  
  44  5:00  SCV  
  44  5:09  Marine  
  44  5:11  SCV  
  44  5:13  SCV  
  46  5:16  Refinery  
  46  5:23  SCV, Supply Depot  
  46  5:25  SCV  
  46  5:26  Starport Reactor  
  46  5:27  Marine  
  46  5:37  Marine x2  
  48  5:45  SCV x2, Marine  
Tags
 
Add a new tag
Caveats
  • Supply blocks, unpowered buildings, or Contaminate may cause inaccurate times.
  • Supply counts are checked every 10 seconds.